 Dungeon Crawl Stone Soup version 0.31-a0-845-g9abc20d24f (webtiles) character file.

Game seed: 3592290054074625367

78 Kurtz the Chopper (level 4, 0/46 HPs)
             Began as an Octopode Fighter on Oct 1, 2023.
             Slain by a gnoll
             ... wielding a +0 spear
              (6 damage)
             ... on level 2 of the Dungeon.
             The game lasted 00:00:48 (1161 turns).

Kurtz the Chopper (Octopode Fighter)                Turns: 1161, Time: 00:00:49

Health: 0/46       AC: 22    Str: 15    XL:     4   Next: 36%
Magic:  4/4        EV:  2    Int: 10    God:
Gold:   111        SH:  4    Dex: 13    Spells: 3/3 levels left

rFire   . . .        a - +0 war axe
rCold   . . .        b - +0 buckler
rNeg    . . .        (helmet currently unavailable)
rPois   +            (no amulet)
rElec   .            (no ring)
rCorr   .            (no ring)
SInv    .            (no ring)
Will    .....        (no ring)
Stlth   +            (no ring)
HPRegen 0.27/turn    (no ring)
MPRegen 0.09/turn    (no ring)
                     (no ring)

%: no passive effects
@: mighty, tree-form
A: stationary, stasis, torment immunity, boosted hp, almost no armour,
(amphibious), 8 rings, (camouflage 1), (gelatinous body 1), (nimble swimmer 1),
(tentacles)
a: no special abilities


You were on level 2 of the Dungeon.
You were a tree.
You visited 1 branch of the dungeon, and saw 2 of its levels.

You collected 111 gold pieces.

Inventory:

Hand Weapons
 a - a +0 war axe (weapon)
Missiles
 i - 2 curare-tipped darts
Armour
 b - a +0 buckler (worn)
Jewellery
 k - an amulet of faith
Wands
 l - a wand of roots (14)
Scrolls
 d - a scroll of revelation {unknown}
 e - a scroll of immolation
 f - a scroll of blinking {unknown}
 g - a scroll of teleportation {unknown}
 j - 2 scrolls of identify {unknown}


   Skills:
 - Level 3.0 Fighting
 * Level 4.5 Axes
 - Level 3.0 Dodging
 - Level 3.0 Shields


You had 3 spell levels left.
You didn't know any spells.
Your spell library was empty.

Dungeon Overview and Level Annotations

Branches:
Dungeon (2/15)

Altars:


Innate Abilities, Weirdness & Mutations

You are a tree.
Your roots penetrate the ground, keeping you stationary.
You cannot be teleported.
You are immune to unholy pain and torment.
Your maximum health is greatly increased.
You cannot wear most types of armour.
((You are amphibious.))
You can wear up to eight rings at the same time.
((Your skin changes colour to match your surroundings (Stealth+).))
((Your rubbery body absorbs attacks. (AC +1, EV +1)))
((You are camouflaged when in or above water. (Stealth+)))
((You have tentacles for arms and can constrict up to eight enemies at once.))


Message History

Your roots penetrate the ground.
The gnoll hits you but does no damage.
You cannot move.
You are too injured to fight recklessly!
You swing at nothing.
You block the gnoll's attack.
You swing at nothing.
You aren't carrying any potions.
Unknown command.
You swing at nothing.
The gnoll hits you but does no damage.
You swing at nothing.
The gnoll hits you from afar with a +0 spear.
The gnoll hits you but does no damage.
You swing at nothing.
You block the gnoll's attack.
You swing at nothing.
The gnoll hits you from afar with a +0 spear.
The gnoll hits you but does no damage.
You swing at nothing.
The gnoll hits you but does no damage.
You swing at nothing.
You block the gnoll's attack.
You swing at nothing.
The gnoll hits you but does no damage.
You swing at nothing.
The gnoll hits you but does no damage. x2
You swing at nothing.
The gnoll hits you from afar with a +0 spear.
You swing at nothing.
The gnoll hits you from afar with a +0 spear.
You swing at nothing.
The gnoll hits you but does no damage. x2
You swing at nothing.
You block the gnoll's attack.
You swing at nothing.
The gnoll hits you from afar with a +0 spear.
You swing at nothing.
The gnoll hits you but does no damage.
The gnoll hits you from afar with a +0 spear.
* * * LOW HITPOINT WARNING * * *
You swing at nothing.
The gnoll hits you from afar with a +0 spear.
* * * LOW HITPOINT WARNING * * *
You swing at nothing.
The gnoll hits you but does no damage. x2
You swing at nothing.
The gnoll hits you from afar with a +0 spear.
* * * LOW HITPOINT WARNING * * *
You swing at nothing.
The gnoll hits you from afar with a +0 spear.
You die...

............##.#...#
.######............ .#
#......#....# .#
###.....#.....# # .#
#))...........# .#
.####.##.#..##....###.#
......##..#.##........####
#.##...........####g......
#.#.#.#.........♣.gg..#
#.#.#..#....#.#########
#.#.#.......##.#
#)##.#####..# ## #.###
.##. #.# .# # .#


You could see 3 gnolls.

Vanquished Creatures
  3 gnolls (D:2)
  An adder (D:2)
  2 ball pythons (D:1)
  3 bats (D:1)
  6 endoplasms
  2 giant cockroaches (D:1)
  6 goblins
  4 hobgoblins (D:1)
  2 kobolds (D:1)
  2 quokkas (D:1)
  3 frilled lizards
  A rat (D:1)
35 creatures vanquished.

Notes
Turn   | Place    | Note
-------+----------+-------------------------------------------
     0 | D:1      | Kurtz the Octopode Fighter began the quest for the Orb.
     0 | D:1      | Reached XP level 1. HP: 16/16 MP: 1/1
     6 | D:1      | Noticed a hound
     6 | D:1      | Noticed a komodo dragon
     6 | D:1      | Noticed a rime drake
     6 | D:1      | Noticed a black bear
     6 | D:1      | Noticed a swamp worm
    52 | D:1      | Found a faded altar of an unknown god.
    70 | D:1      | Reached XP level 2. HP: 12/21 MP: 2/2
   163 | D:1      | Reached skill level 3 in Axes
   405 | D:1      | Reached XP level 3. HP: 24/26 MP: 3/3
  1071 | D:2      | Reached skill level 4 in Axes
  1104 | D:2      | Reached XP level 4. HP: 31/31 MP: 4/4
  1161 | D:2      | Slain by a gnoll

Illustrated notes

Levels and vault maps discovered:
D:1:      onia_arrival_zoo_common, layout_loops_ring,
          hellmonk_ecumenical_altar_blasted, grunt_decor_fettered,
          dk_noncrumbling_2, minmay_crystal_room
D:2:      layout_loops_ring, hangedman_abyss_or_decor_lesser_grid

Skill      XL: |  1  2  3 |
---------------+----------+-----
Axes           | 3 4 |  4.5
Fighting       | |  3.0
Dodging        | |  3.0
Shields        | |  3.0

Action                     |  1- 3 |  4- 6 || total
---------------------------+-------+-------++-------
  Melee: War axe           |    50 |     6 ||    56
         Constrict         |     5 |     3 ||     8
         Tentacles         |     4 |     1 ||     5
    Use: Potion            |       |     2 ||     2
   Stab: Sleeping          |    10 |       ||    10
 Armour: Skin              |    15 |    28 ||    43
  Dodge: Dodged            |    24 |     9 ||    33
  Block: Buckler           |    11 |     4 ||    15

Table legend: (Time is in decaauts)
 A = Elapsed time spent in this place.
 B = Non-inter-level travel time spent in this place.
 C = Inter-level travel time spent in this place.
 D = Time resting spent in this place.
 E = Time spent auto-exploring this place.
 F = Levels seen in this place.
 G = Mean time per level.
                   A        B        C        D        E       F      G
               +--------+--------+--------+--------+--------+-----+--------+
         Total |   1187 |   1153 |     34 |     33 |    899 |   2 |  593.5 |
       Dungeon |   1187 |   1153 |     34 |     33 |    899 |   2 |  593.5 |
               +--------+--------+--------+--------+--------+-----+--------+

Top non-repeatable levels by time:
     D:1: 972 daAuts
     D:2: 215 daAuts
